Map: Éphémèrion EC

Players

defer

  • Race: Protoss Protoss
  • League: Silver
  • Spawn Location: 5:00

IA (très facile) - Winner!

  • Race: Terran Terran
  • Spawn Location: 11:00

VOD

Have the link to the VOD?

Description

Time

  • Played on: Jan. 18, 2020, 8:57 a.m.
  • Length: 6:38
Show
View Real Time Build Order
Export as new Build Order

defer Protoss 

Build Orders:  

Get SALT Encoding   

  12  0:01  Probe  
  13  0:13  Probe  
  14  0:20  Pylon  
  14  0:25  Probe  
  15  0:38  Probe (Chrono Boost)  
  15  0:39  Gateway  
  16  0:49  Probe (Chrono Boost)  
  17  0:54  Probe (Chrono Boost)  
  18  1:01  Assimilator  
  18  1:05  Probe, Assimilator  
  19  1:17  Probe  
  20  1:28  Gateway  
  20  1:29  Probe  
  20  1:30  Cybernetics Core  
  21  1:41  Probe  
  21  1:42  Pylon  
  23  2:06  Stalker (Chrono Boost)  
  23  2:07  Warp Gate  
  24  2:12  Stalker (Chrono Boost)  
  26  2:27  Stalker (Chrono Boost)  
  28  2:33  Pylon  
  28  2:35  Stalker  
  30  2:56  Stalker  
  32  3:05  Stalker  
  32  3:07  Nexus  
  34  3:14  Probe  
  35  3:26  Probe  
  38  3:29  Pylon  
  38  3:41  Probe  
  39  3:49  Pylon  
  39  3:53  Probe (Chrono Boost)  
  39  4:03  Probe (Chrono Boost)  
  39  4:07  Probe (Chrono Boost)  
  40  4:19  Probe (Chrono Boost)  
  42  4:24  Probe (Chrono Boost)  
  42  4:29  Probe (Chrono Boost)  
  44  4:33  Probe (Chrono Boost)  
  44  4:35  Pylon  
  45  4:39  Probe (Chrono Boost)  
  45  4:40  Probe (Chrono Boost)  
  46  4:45  Probe x2  
  48  4:57  Probe  
  48  4:58  Probe  
  50  5:10  Probe x2  
  52  5:22  Probe x2 (Chrono Boost)  
  54  5:33  Probe x2 (Chrono Boost)  
  56  5:37  Probe x2 (Chrono Boost)  
  58  5:48  Probe x2  
  60  6:00  Probe x2  
  62  6:12  Probe x2  
  64  6:19  Pylon  
  64  6:20  Pylon  
  64  6:22  Pylon  
  64  6:24  Probe (Chrono Boost)  
  66  6:28  Probe (Chrono Boost)  
Show
View Real Time Build Order
Export as new Build Order

IA (très facile) Terran - Winner!

Build Orders:  

Get SALT Encoding   

  12  0:00  SCV  
  13  0:13  SCV  
  14  0:18  Supply Depot  
  14  0:37  Refinery  
  14  0:41  Barracks  
  14  1:06  Supply Depot  
  14  1:13  Refinery  
  14  1:28  Marine  
  14  1:31  Orbital Command  
  15  1:56  SCV  
  16  2:08  SCV  
  16  2:14  Barracks Tech Lab  
  17  2:20  SCV  
  18  2:32  Marauder  
  18  2:33  SCV  
  21  2:45  SCV  
  22  2:57  SCV  
  23  3:17  Marine  
  24  4:24  SCV  
  24  4:43  SCV  
  24  4:45  Marine  
  21  4:58  Supply Depot, SCV  
  16  5:10  SCV  
  16  5:14  Marine  
  16  5:22  SCV  
  16  5:33  Barracks Tech Lab  
  16  5:34  SCV  
  17  5:46  SCV  
  17  5:51  Marine  
  15  5:58  SCV  
  12  6:11  SCV  
  4  6:19  Marine  
  4  6:23  SCV  
Tags
 
Add a new tag
Caveats
  • Supply blocks, unpowered buildings, or Contaminate may cause inaccurate times.
  • Supply counts are checked every 10 seconds.